 Dungeon Crawl Stone Soup version 0.30-a0-972-gf3ab3527aa (webtiles) character file.

Game seed: 17354116139812941158

3070 DeathPants the Caller (level 9, 0/48 HPs)
             Began as a Vine Stalker Summoner on Mar 31, 2023.
             Was an Initiate of Gozag.
             Shot with a sling bullet by something (6 damage)
             ... on level 8 of the Dungeon.
             The game lasted 00:22:53 (5996 turns).

DeathPants the Caller (Vine Stalker Summoner)       Turns: 5996, Time: 00:22:54

Health: 0/48       AC:  9    Str: 14    XL:     9   Next: 88%
Magic:  0/18       EV: 18    Int: 15    God:    Gozag
Gold:   670        SH:  0    Dex: 16    Spells: 10/18 levels left

rFire   . . .      SeeInvis .    b - +11 demon whip "Rammurch" {elec, rElec rPois}
rCold   . . .      Faith    .    (no shield)
rNeg    + . .      Spirit   +    i - +2 robe {rN+}
rPois   +          Reflect  .    v - +0 helmet
rElec   +          Rampage  .    q - +0 cloak
rCorr   .                        (no gloves)
Will    ++...                    h - +2 pair of boots
Stlth   ++                       (no amulet)
HPRegen 1.08/turn                F - +5 ring of evasion
MPRegen 0.16/turn                s - ring of willpower

@: studying Long Blades
A: fangs 3, regeneration 1, magic shield, antimagic bite, no potion heal 2
a: Renounce Religion, Potion Petition, Call Merchant, Bribe Branch


You were on level 8 of the Dungeon.
You worshipped Gozag.
Gozag was pleased with you.
You visited 2 branches of the dungeon, and saw 10 of its levels.

You collected 757 gold pieces.
You paid 87 gold pieces to Gozag.

Inventory:

Hand Weapons
 a - a +1 rapier of freezing
 b - the +11 demon whip "Rammurch" (weapon) {elec, rElec rPois}
   (You found it on level 6 of the Dungeon)

   rElec:     It insulates you from electricity.
   rPois:     It protects you from poison.
 f - a +0 dagger
Missiles
 d - 17 poisoned darts
 o - 5 atropa-tipped darts
 H - 5 silver boomerangs
Armour
 h - a +2 pair of boots (worn)
 i - a +2 robe of positive energy (worn)
 l - a +0 buckler
 q - a +0 cloak (worn)
 v - a +0 helmet (worn)
Jewellery
 s - a ring of willpower (right hand)
 F - a +5 ring of evasion (left hand)
 J - the ring of Vytexaol {Fly rElec}
   (You found it on level 7 of the Dungeon)

   [ring of flight]

   rElec:     It insulates you from electricity.
   Fly:       It grants you flight.
Wands
 p - a wand of paralysis (22)
 u - a wand of iceblast (9)
Scrolls
 j - 6 scrolls of blinking
 t - a scroll of summoning
 y - a scroll of enchant armour
 A - a scroll of silence
 B - a scroll of vulnerability {unknown}
 C - 2 scrolls of identify
 D - a scroll of fear
 E - a scroll of magic mapping {unknown}
 I - a scroll of enchant weapon
Potions
 c - 4 potions of lignification
 e - 2 potions of haste
 g - 2 potions of flight {unknown}
 k - 3 potions of resistance {unknown}
 m - 9 potions of curing
 n - a potion of ambrosia {unknown}
 r - a potion of attraction {unknown}
 w - 2 potions of degeneration {unknown}
 x - a potion of might {unknown}
 z - a potion of magic
 G - a potion of brilliance {unknown}


   Skills:
 + Level 5.6 Fighting
 - Level 3.5 Long Blades
 + Level 4.4 Maces & Flails
 + Level 4.0 Dodging
 - Level 2.4 Stealth
 - Level 5.4 Spellcasting
 - Level 4.2 Hexes
 + Level 7.5 Summonings


You had 10 spell levels left.
You knew the following spells:

 Your Spells              Type           Power      Damage    Failure   Level
a - Call Imp              Summ           26%        N/A       1%          2
b - Call Canine Familiar  Summ           26%        N/A       2%          3
c - Summon Guardian Gole  Hex/Summ       21%        N/A       4%          3

Your spell library contained the following spells:

 Spells                   Type           Power      Damage    Failure   Level
 Summon Small Mammal      Summ           100%       N/A       1%          1
 Summon Lightning Spire   Summ/Air       15%        N/A       32%         4
 Malign Gateway           Summ/Tloc      7%         N/A       100%        7
 Orb of Destruction       Conj           2%         9d5       100%        7
 Spellforged Servitor     Conj/Summ      7%         N/A       100%        7
 Summon Horrible Things   Summ           13%        N/A       100%        8


Dungeon Overview and Level Annotations

Branches:
Dungeon (9/15)             Temple (1/1) D:5
   Lair: D:8-11         Orc: D:9-12

Altars:
Ashenzari
Cheibriados
Elyvilon
Fedhas
Gozag
Nemelex Xobeh
Okawaru
Qazlal
Sif Muna
Uskayaw
Wu Jian
Xom
Yredelemnul
Zin
The Shining One

Annotations:
D:8 Joseph


Innate Abilities, Weirdness & Mutations

You have razor-sharp teeth.
Your natural rate of healing is unusually fast.
When hurt, damage is shared between your health and your magic reserves.
Your bite disrupts and absorbs the magic of your enemies.
Potions cannot restore your health.


Message History

Really stalk into that cloud of flame? [Y]es or [N]o only, please.
Really stalk into that cloud of flame?
Okay, then.
Joseph drinks a potion.
Joseph flickers and vanishes!
Deactivating autopickup; reactivate with Ctrl-A.
You see here 16 gold pieces.
Casting: Summon Guardian Golem (dangerous; 4% risk of failure)
Confirm with . or Enter, or press ? or * to list all spells.
You whack the yak! You bite the yak.
You kill the yak!
Your hound bites something.
Something hits you!
Your Dodging skill increases to level 4!
Your hound bites something but does no damage.
Something hits you!
You see here 18 gold pieces.
Your hound bites something. x2; Something hits you.
Your hound bites something but does no damage.
You hear a whirring sound.
A sling bullet appears from out of thin air!
The sling bullet hits you!
Your hound completely misses something.
Your hound bites something.
You hear a whirring sound.
A sling bullet appears from out of thin air!
The sling bullet hits you!
* * * LOW HITPOINT WARNING * * *
You see here 14 gold pieces.
Your hound barely misses something.
You see here 11 gold pieces.
You hear a whirring sound.
A sling bullet appears from out of thin air!
The sling bullet hits you!
* * * LOW HITPOINT WARNING * * *
You swap places.
Your hound barely misses something.
You hear a whirring sound.
A sling bullet appears from out of thin air!
The sling bullet hits you!
You die...
Your body crumbles into a pile of gold.

...####[[#
##.[.#
#>...#
#.#### #$#
.#### #$####
..... #$...#
......#$.#.#
#.....#..#@#
#........#.#
.......$${h#
####.....###
#.....# $
#....$#
........
..........
#..........


You could see a friendly hound (summoned).

Vanquished Creatures
  4 yaks (D:8)
  Menkaure (D:7)
  A black bear (D:6)
  2 orc warriors (D:6)
  2 ogres
  A centaur (D:8)
  2 phantoms (D:6)
  7 wights
  A howler monkey (D:6)
  A hound (D:7)
  A jelly (D:7)
  Crazy Yiuf (D:7)
  3 orc priests
  3 iguanas
  7 orc wizards
  Natasha (twice) (D:2)
  5 gnolls
  3 adders
  A shadow imp (D:5)
  3 white imps (D:6)
  3 ufetubi
  A dart slug (D:4)
  27 orcs
  7 ball pythons
  6 endoplasms
  2 giant cockroaches
  8 goblins
  2 hobgoblins
  2 jackals
  2 quokkas
  5 bats
  A frilled lizard (D:1)
  3 rats
120 creatures vanquished.

Vanquished Creatures (collateral kills)
  An ogre (D:5)
  A gnoll bouda (D:5)
  An orc priest (D:4)
  A hound (D:4)
  Natasha (D:2)
  2 adders
  3 gnolls (D:4)
  A shadow imp (D:6)
  A white imp (D:6)
  An ufetubus (D:5)
  2 dart slugs
  5 orcs (D:6)
  2 bats (D:1)
  2 endoplasms
  A giant cockroach (D:4)
  2 goblins (D:1)
  A hobgoblin (D:4)
  5 jackals
  2 quokkas (D:1)
  3 ball pythons
  2 kobolds
40 creatures vanquished.

Vanquished Creatures (others)
  2 yaks (D:8)
  An orc (D:4)
3 creatures vanquished.

Grand Total: 163 creatures vanquished

Notes
Turn   | Place    | Note
-------+----------+-------------------------------------------
     0 | D:1      | DeathPants the Vine Stalker Summoner began the quest for
                  | the Orb.
     0 | D:1      | Reached XP level 1. HP: 9/9 MP: 4/4
   199 | D:1      | Reached XP level 2. HP: 10/14 MP: 3/6
   385 | D:1      | Learned a level 2 spell: Call Imp
   530 | D:1      | Reached XP level 3. HP: 16/17 MP: 4/7
   626 | D:1      | Reached skill level 1 in Fighting
   914 | D:1      | Learned a level 3 spell: Call Canine Familiar
  1445 | D:2      | Noticed Natasha
  1455 | D:2      | Killed Natasha
  1456 | D:2      | Gained mutation: Your natural rate of healing is unusually
                  | fast. [Vine Stalker growth]
  1456 | D:2      | Reached XP level 4. HP: 10/22 MP: 3/9
  1564 | D:2      | Noticed Natasha
  1574 | D:2      | Killed Natasha
  1629 | D:2      | Found a faded altar of an unknown god.
  1653 | D:2      | Noticed Natasha
  1662 | D:2      | Killed Natasha
  1663 | D:2      | Reached XP level 5. HP: 26/26 MP: 8/10
  1702 | D:2      | Learned a level 3 spell: Summon Guardian Golem
  1965 | D:3      | You are sucked into a shaft and drop 3 floors!
  1996 | D:5      | Entered Level 5 of the Dungeon
  2131 | D:4      | Reached skill level 1 in Long Blades
  2158 | D:4      | Reached skill level 1 in Hexes
  2158 | D:4      | Reached XP level 6. HP: 24/30 MP: 2/12
  2270 | D:4      | Reached skill level 5 in Summonings
  2774 | D:5      | Reached XP level 7. HP: 34/35 MP: 13/13
  3660 | D:5      | Found a staircase to the Ecumenical Temple.
  3667 | Temple   | Entered the Ecumenical Temple
  3735 | Temple   | Became a worshipper of Gozag Ym Sagoz the Greedy
  4334 | D:6      | Identified the +11 demon whip "Rammurch" {elec, rElec
                  | rPois}
  4442 | D:7      | Gained mutation: You have razor-sharp teeth. [Vine Stalker
                  | growth]
  4442 | D:7      | Reached XP level 8. HP: 39/40 MP: 15/15
  4447 | D:7      | Reached skill level 1 in Maces & Flails
  4561 | D:6      | Found a shimmering blue altar of Sif Muna.
  4675 | D:6      | Reached skill level 5 in Spellcasting
  4675 | D:6      | Reached skill level 6 in Summonings
  4784 | D:6      | Found a sparkling altar of Nemelex Xobeh.
  4819 | D:6      | Found a runed translucent door.
  4931 | D:6      | Found an iron altar of Okawaru.
  5208 | D:7      | Reached XP level 9. HP: 46/46 MP: 18/18
  5221 | D:7      | Noticed Menkaure
  5225 | D:7      | Killed Menkaure
  5360 | D:7      | Found a hide-covered altar of Uskayaw.
  5473 | D:7      | Identified the ring of Vytexaol {Fly rElec}
  5662 | D:7      | Found a runed translucent door.
  5663 | D:7      | Noticed Crazy Yiuf
  5673 | D:7      | Killed Crazy Yiuf
  5817 | D:8      | Reached skill level 5 in Fighting
  5969 | D:8      | Reached skill level 7 in Summonings
  5980 | D:8      | Noticed Joseph
  5996 | D:8      | Shot with a sling bullet by something

Illustrated notes

Levels and vault maps discovered:
D:1:      nzn_arrival_crosshair, layout_basic, minmay_ruptured
D:2:      layout_loops_ring, chequers_ecumenical_altar_grove, uniq_natasha
D:3:      layout_rooms
D:4:      layout_loops_ring, grunt_decor_mini_mirrors
D:5:      layout_loops_ring, minmay_temple_entry_sparse_star, minivault_4
D:6:      layout_cave_pools, hellmonk_okawaru_the_only_friend_you_need,
          general_overflow_altar, mainiacjoe_overflow_cross_hatched,
          lightli_church_of_beogh
D:7:      layout_basic, nicolae_uskayaw_murder_on_the_dancefloor,
          nicolae_figureground_sparkle, uniq_menkaure, uniq_crazy_yiuf_cottage
D:8:      wad_lake_hut, layout_basic, kennysheep_mini_moat, uniq_joseph,
          uniq_pikel
D:9:      gammafunk_beogh_shrine, layout_small_grid,
          nicolae_ru_the_path_less_chosen, grunt_lair_entry_orc_guard_hut,
          orc_0_dummy, serial_shops, shop_statue, serial_park_tiny_1,
          chequers_serial_rivers_room_b, minmay_lizard_king
Temple:   eino_temple_scatter_basement

Skill      XL: |  1  2  3  4  5  6  7  8  9 |
---------------+----------------------------+-----
Fighting       | 1 2 3 4 5 |  5.6
Dodging        | 2 4 |  4.0
Spellcasting   | 3 4 5 |  5.4
Long Blades    | 1 2 3 |  3.5
Hexes          | 1 3 4 |  4.2
Summonings     | 5 6 7 |  7.5
Maces & Flails | 2 4 |  4.4
Stealth        | |  2.4

Action                     |  1- 3 |  4- 6 |  7- 9 || total
---------------------------+-------+-------+-------++-------
  Melee: Dagger            |    55 |       |       ||    55
         Unarmed           |     5 |       |       ||     5
         Bite              |    13 |    29 |    46 ||    88
         Punch             |     1 |     1 |     2 ||     4
         Rapier            |     9 |    85 |    53 ||   147
         Demon whip        |       |       |   120 ||   120
   Cast: Summon Small Mamm |    24 |       |       ||    24
         Call Imp          |     2 |    12 |    13 ||    27
         Call Canine Famil |       |     6 |    12 ||    18
         Summon Guardian G |       |       |     5 ||     5
    Use: Scroll            |     6 |     4 |     5 ||    15
   Stab: Sleeping          |     4 |     6 |     1 ||    11
         Distracted        |       |       |     1 ||     1
 Armour: Robe              |    27 |    23 |    48 ||    98
  Dodge: Dodged            |    81 |    64 |   124 ||   269

Table legend: (Time is in decaauts)
 A = Elapsed time spent in this place.
 B = Non-inter-level travel time spent in this place.
 C = Inter-level travel time spent in this place.
 D = Time resting spent in this place.
 E = Time spent auto-exploring this place.
 F = Levels seen in this place.
 G = Mean time per level.
                   A        B        C        D        E       F      G
               +--------+--------+--------+--------+--------+-----+--------+
         Total |   6025 |   5835 |    190 |    121 |   3798 |  10 |  602.5 |
       Dungeon |   5937 |   5765 |    172 |    121 |   3743 |   9 |  659.7 |
        Temple |     87 |     69 |     18 |      0 |     55 |   1 |   87.0 |
               +--------+--------+--------+--------+--------+-----+--------+

Top non-repeatable levels by time:
     D:4: 995 daAuts
     D:1: 951 daAuts
     D:2: 850 daAuts
     D:6: 847 daAuts
     D:5: 828 daAuts
     D:7: 654 daAuts
     D:3: 578 daAuts
     D:8: 228 daAuts
  Temple: 87 daAuts
     D:9: 1 daAuts
